 Dungeon Crawl Stone Soup version 0.24.1-14-gf8d2b509d9 (webtiles) character file.

Game seed: 13445952416542771027, levelgen mode: deterministic

27 lepoulpe303 the Vexing (level 2, 0/16 HPs)
             Began as a Deep Elf Arcane Marksman on May 18, 2020.
             Slain by Terence
             ... wielding a +0 morningstar
              (16 damage)
             ... on level 2 of the Dungeon.
             The game lasted 00:04:33 (2704 turns).

lepoulpe303 the Vexing (Deep Elf Arcane Marksman)   Turns: 2704, Time: 00:04:33

Health: 0/16       AC:  3    Str:  7    XL:     2   Next: 93%
Magic:  1/7        EV: 12    Int: 17    God:
Gold:   31         SH:  0    Dex: 15    Spells: 2/5 levels left

rFire    . . .     SeeInvis .   a - +0 dagger
rCold    . . .     Gourm    .   (no shield)
rNeg     . . .     Faith    .   d - +0 leather armour
rPois    .         Spirit   .   (no helmet)
rElec    .         Reflect  .   (no cloak)
rCorr    .         Harm     .   (no gloves)
MR       .....                  (no boots)
Stlth    +.........             (no amulet)
HPRegen  0.05/turn              (no ring)
MPRegen  0.10/turn              (no ring)

@: no status effects
A: no striking features
a: no special abilities


You were on level 2 of the Dungeon.
You were not hungry.

You visited 1 branch of the dungeon, and saw 2 of its levels.

You collected 31 gold pieces.

Inventory:

Hand Weapons
 a - a +0 dagger (weapon)
 b - a +0 shortbow
Missiles
 Q - 24 arrows
Armour
 d - a +0 leather armour (worn)
 f - a +0 robe
Jewellery
 i - an uncursed ring of fire {unknown}
Scrolls
 c - a scroll of magic mapping {unknown}
 j - 2 scrolls of enchant weapon {unknown}
 k - 2 scrolls of remove curse {unknown}
 t - 2 scrolls of teleportation
Potions
 g - a potion of agility {unknown}
 h - 2 potions of curing {unknown}
Comestibles
 e - 4 rations


   Skills:
 + Level 1.1 Fighting
 + Level 0.0 Short Blades
 * Level 2.6 Bows
 + Level 2.6 Dodging
 * Level 2.4 Spellcasting
 * Level 4.4 Hexes


You had 2 spell levels left.
You knew the following spells:

 Your Spells              Type           Power        Failure   Level  Hunger
s - Slow                  Hex            ###.....     7%          2    ##.....
v - Corona                Hex            ###....      4%          1    #......

Your spell library contained the following spells:

 Spells                   Type           Power        Failure   Level  Hunger
 Inner Flame              Hex/Fire       #.......     32%         3    ###....
 Portal Projectile        Hex/Tloc       #.....       32%         3    ###....
 Cause Fear               Hex            ###.......   41%         4    #####..
 Leda's Liquefaction      Hex/Erth       #.........   73%         4    #####..


Dungeon Overview and Level Annotations

Branches:
Dungeon (2/15)

Altars:
Cheibriados

Annotations:
D:2 Terence


Message History

You now have 5/7 mp.
Terence says, "You're history."
Terence drinks a potion.
Terence shakes off his lethargy.
Terence goes berserk!
You see here a leather armour.
You hear a shout!
Terence rages.
Aim: Terence, wielding a +0 morningstar and wearing a +0 chain mail (berserk, fast, unusually strong, chance to defeat MR: 63%) Terence resists with significant effort.
Terence closely misses you.
You now have 3/7 mp.
Aim: Terence, wielding a +0 morningstar and wearing a +0 chain mail (berserk, fast, unusually strong, chance to defeat MR: 63%) Terence resists with significant effort.
* * * LOW MAGIC WARNING * * *
Terence barely misses you.
You now have 1/7 mp.
Terence hits you with a +0 morningstar!
Ouch! That really hurt!
You die...

.######..###
........รท..#
.........#.#
.######....# #..###
#..########
#..........
#.######### #@# #@#
# #.#
$####.####.########
.........[.........
######.###.#######.
#. #.# ## #.# #.#


You could see Terence (berserk).

Levels and vault maps discovered:
D:1:      giann_forest_graveyard, layout_basic
D:2:      layout_basic, cheibriados_altar_1, uniq_terence

Notes
Turn   | Place    | Note
-------+----------+-------------------------------------------
     0 | D:1      | lepoulpe303 the Deep Elf Arcane Marksman began the quest
                  | for the Orb.
     0 | D:1      | Reached XP level 1. HP: 11/11 MP: 5/5
    56 | D:1      | Identified a cursed -3 dagger
   310 | D:1      | Identified a +0 dagger
   357 | D:1      | Identified a +0 club
   680 | D:1      | Reached skill level 2 in Spellcasting
   689 | D:1      | Identified 2 scrolls of teleportation
   879 | D:1      | Reached skill level 1 in Fighting
   879 | D:1      | Reached XP level 2. HP: 7/16 MP: 7/7
   883 | D:1      | Learned a level 2 spell: Slow
  1115 | D:1      | Identified a +0 shortbow
  1702 | D:1      | Identified a +0 dagger
  1964 | D:1      | Identified a +0 leather armour (You found it on level 1 of
                  | the Dungeon)
  2013 | D:1      | HP: 3/16 [worm (11)]
  2287 | D:2      | Found a snail-covered altar of Cheibriados.
  2307 | D:2      | HP: 3/16 [leopard gecko (2)]
  2320 | D:2      | HP: 3/16 [leopard gecko (1)]
  2695 | D:2      | Identified a +0 morningstar
  2695 | D:2      | Identified a +0 chain mail
  2695 | D:2      | Noticed Terence
  2704 | D:2      | Slain by Terence

Table legend:
 A = Turns spent in this place as a percentage of turns spent in the entire game.
 B = Non-inter-level travel turns spent in this place as a percentage of non-inter-level travel turns spent in the entire game.
 C = Inter-level travel turns spent in this place as a percentage of turns spent in this place.
 D = Turns resting spent in this place as a percentage of non-inter-level travel turns spent in this place.
 E = Turns spent auto-exploring this place as a percentage of non-inter-level travel turns spent in this place.
 F = Non-inter-level travel turns spent in this place divided by the number of levels of this place that you've seen.
                   A       B       C       D       E      F
               +-------+-------+-------+-------+-------+----------------------
         Total | 100.0 | 100.0 |   3.3 |  51.8 |  35.2 | 1307.5
       Dungeon | 100.0 | 100.0 |   3.3 |  51.8 |  35.2 | 1307.5
               +-------+-------+-------+-------+-------+----------------------

Table legend:
 A = Kills in this place as a percentage of kills in entire the game.
 B = Kills by you in this place as a percentage of kills by you in the entire game.
 C = Kills by friends in this place as a percentage of kills by friends in the entire game.
 D = Other kills in this place as a percentage of other kills in the entire game.
 E = Experience gained in this place as a percentage of experience gained in the entire game.
 F = Experience gained in this place divided by the number of levels of this place that you have seen.
                   A       B       C       D       E      F
               +-------+-------+-------+-------+-------+----------------------
         Total | 100.0 | 100.0 |   N/A |   N/A | 100.0 |  19.5
       Dungeon | 100.0 | 100.0 |   N/A |   N/A | 100.0 |  19.5
               +-------+-------+-------+-------+-------+----------------------

Skill      XL: |  1 |
---------------+----+-----
Spellcasting   | 2 |  2.4
Fighting       | 1 |  1.1
Bows           | |  2.6
Dodging        | |  2.6
Hexes          | |  4.4

Action                   || total
-------------------------++-------
Melee: Dagger            ||    99
 Fire: Shortbow          ||    38
 Cast: Corona            ||     3
       Slow              ||     7
  Use: Scroll            ||     1
 Stab: Sleeping          ||     1
  Eat: Chunk             ||     6
Armor: Robe              ||     9
       Leather armour    ||     8
Dodge: Dodged            ||    89

Vanquished Creatures
  A worm (D:1)
  A dart slug (D:1)
  A leopard gecko (D:1)
  5 bats
  A giant cockroach (D:1)
  3 goblins (D:1)
  2 hobgoblins (D:1)
  3 kobolds (D:1)
  2 frilled lizards
  2 rats
21 creatures vanquished.
